 Dungeon Crawl Stone Soup version 0.30-a0-862-g1aabd4f9c5 (webtiles) character file.

Game seed: 7138745897957226716

44 Juicyj the Sneak (level 3, -1/28 HPs)
             Began as a Naga Hedge Wizard on Mar 8, 2023.
             Was a Believer of Jiyva.
             Slain by an orc
             ... wielding a +0 falchion
              (7 damage)
             ... on level 3 of the Dungeon.
             The game lasted 00:03:28 (1968 turns).

Juicyj the Sneak (Naga Hedge Wizard)                Turns: 1968, Time: 00:03:28

Health: -1/28      AC:  2    Str: 12    XL:     3   Next: 62%
Magic:  1/7        EV: 10    Int: 16    God:    Jiyva [**....]
Gold:   83         SH:  0    Dex: 10    Spells: 6/8 levels left

rFire   . . .      SeeInvis +    a - +0 dagger
rCold   . . .      Faith    .    (no shield)
rNeg    . . .      Spirit   .    b - +0 robe
rPois   +          Reflect  .    c - +0 hat
rElec   .          Rampage  .    (no cloak)
rCorr   +                        (no gloves)
Will    .....                    (no barding)
Stlth   ++                       (no amulet)
HPRegen 1.20/turn                (no ring)
MPRegen 0.40/turn                (no ring)

@: very slightly contaminated, very slow
A: AC +1, large, see invisible, deformed body, poison resistance, slowness 2,
spit poison 1, naga tail 1
a: Spit Poison, Renounce Religion


You were on level 3 of the Dungeon.
You worshipped Jiyva.
Jiyva was pleased with you.
You visited 1 branch of the dungeon, and saw 3 of its levels.

You collected 83 gold pieces.

Inventory:

Hand Weapons
 a - a +0 dagger (weapon)
Armour
 b - a +0 robe (worn)
 c - a +0 hat (worn)
Jewellery
 i - a +4 ring of protection
Scrolls
 e - 2 scrolls of teleportation
 g - 2 scrolls of torment
 h - a scroll of identify
 j - a scroll of vulnerability
Potions
 d - a potion of magic
 f - a potion of haste


   Skills:
 + Level 1.9 Dodging
 + Level 3.6 Stealth
 + Level 3.2 Spellcasting
 + Level 1.6 Conjurations
 + Level 1.6 Summonings
 + Level 1.5 Translocations


You had 6 spell levels left.
You knew the following spells:

 Your Spells              Type           Power      Damage    Failure   Level
a - Magic Dart            Conj           28%        1d4       10%         1
b - Slow                  Hex            8%         N/A       19%         1

Your spell library contained the following spells:

 Spells                   Type           Power      Damage    Failure   Level
 Blink                    Tloc           14%        N/A       14%         2
 Call Imp                 Summ           7%         N/A       14%         2
 Cigotuvi's Dreadful Rot  Necr/Pois/Air  4%         N/A       28%         2
 Mephitic Cloud           Conj/Pois/Air  4%         N/A       41%         3


Dungeon Overview and Level Annotations

Branches:
Dungeon (3/15)

Altars:
Jiyva

Annotations:
D:3 3 runed translucent doors, IdlyInterested's ghost, weakling DsFi


Innate Abilities, Weirdness & Mutations

Your serpentine skin is tough. (AC +1)
You have supernaturally acute eyesight. (SInv)
Armour fits poorly on your strangely shaped body.
Your system is resistant to poisons. (rPois)
You cover ground very slowly.
You can spit poison.
You have a snake-like lower body.


Message History

An orc comes into view. It is wielding a +0 club.
The magic dart hits the orc priest but does no damage.
The orc shouts!
The magic dart hits the orc priest.
The orc priest is lightly wounded.
A rat comes into view.
The magic dart hits the orc priest but does no damage.
The orc priest is lightly wounded.
The orc priest hits you with a +0 dagger.
You miscast Magic Dart.
Nothing appears to happen.
The orc priest barely misses you.
The magic dart hits the orc priest but does no damage.
The orc priest is lightly wounded.
The magic dart hits the orc priest.
The orc priest is lightly wounded.
The orc priest calls down the wrath of Beogh upon you.
Beogh smites you! The orc closely misses you.
The magic dart hits the orc priest but does no damage.
The orc priest is lightly wounded.
The orc priest hits you but does no damage.
The orc hits you with a +0 falchion!
You are too injured to fight recklessly!
You are too injured to fight recklessly!
Casting: Magic Dart (safe; 10% risk of failure)
Confirm with . or Enter, or press ? or * to list all spells.
Okay, then.
You hit the orc priest but do no damage.
The orc priest is lightly wounded.
The orc priest hits you with a +0 dagger.
The orc closely misses you.
You closely miss the orc priest.
The orc priest is lightly wounded.
The orc priest hits you with a +0 dagger.
The orc closely misses you.
You closely miss the orc priest.
The orc priest is lightly wounded.
The orc priest hits you with a +0 dagger.
* * * LOW HITPOINT WARNING * * *
The orc hits you with a +0 falchion!
You die...

# #...<# # #.#### # #.#
# #.# ###.# ....# ###
.######## #.. .#
##...## #.#####.# .#
#.....#### #.@oo...# ##
#....<...# #.o#r...!.
#.....##.###..#.#..##
#####...#.#........# .#
#......###.####.......#
#>####..#.## ##.###.##
#.# #.#.## #..J # #.#
#.#.# ##### #.# ..#.#


You could see an orc priest, 2 orcs and a rat.

Vanquished Creatures
  An adder (D:2)
  4 ball pythons
  3 bats
  2 endoplasms (D:1)
  A giant cockroach (D:1)
  2 goblins
  6 hobgoblins
  4 kobolds
  2 quokkas (D:2)
  A frilled lizard (D:3)
  2 rats (D:1)
28 creatures vanquished.

Vanquished Creatures (others)
  6 adders (D:2)
  An endoplasm (D:2)
  2 bats (D:2)
  4 frilled lizards
  A rat (D:2)
  A plant (D:1)
15 creatures vanquished.

Grand Total: 43 creatures vanquished

Notes
Turn   | Place    | Note
-------+----------+-------------------------------------------
     0 | D:1      | Juicyj the Naga Hedge Wizard began the quest for the Orb.
     0 | D:1      | Reached XP level 1. HP: 15/15 MP: 4/4
     2 | D:1      | Learned a level 1 spell: Slow
   245 | D:1      | Reached XP level 2. HP: 22/22 MP: 1/6
   622 | D:1      | Found a faded altar of an unknown god.
   871 | D:1      | Prayed at the altar of an unknown god.
   871 | D:1      | Became a worshipper of Jiyva Juom the Shapeless
   871 | D:1      | Reached * piety under Jiyva
  1010 | D:2      | Reached XP level 3. HP: 28/28 MP: 1/7
  1439 | D:2      | Reached ** piety under Jiyva
  1718 | D:3      | Found a runed translucent gate.
  1718 | D:3      | Found a runed translucent gate.
  1718 | D:3      | Found a runed translucent gate.
  1726 | D:3      | Noticed IdlyInterested's ghost (weakling DsFi)
  1968 | D:3      | Slain by an orc

Illustrated notes

Levels and vault maps discovered:
D:1:      evilmike_arrival_fibonacci_small, layout_rooms,
          dreamdust_ecumenical_altar_hidden_monk_grotto,
          amcnicky_mini_corridor_feature
D:2:      minmay_spotlight, layout_basic, dk_noncrumbling_3
D:3:      layout_loops_cross, ebering_ghost_rock_garden, feat_on_display

Action                     || total
---------------------------++-------
  Melee: Dagger            ||    23
   Cast: Magic Dart        ||    90
         Slow              ||     1
    Use: Scroll            ||     4
 Armour: Robe              ||     9
  Dodge: Dodged            ||    37

Table legend: (Time is in decaauts)
 A = Elapsed time spent in this place.
 B = Non-inter-level travel time spent in this place.
 C = Inter-level travel time spent in this place.
 D = Time resting spent in this place.
 E = Time spent auto-exploring this place.
 F = Levels seen in this place.
 G = Mean time per level.
                   A        B        C        D        E       F      G
               +--------+--------+--------+--------+--------+-----+--------+
         Total |   2530 |   2390 |    140 |      0 |   2086 |   3 |  843.3 |
       Dungeon |   2530 |   2390 |    140 |      0 |   2086 |   3 |  843.3 |
               +--------+--------+--------+--------+--------+-----+--------+

Top non-repeatable levels by time:
     D:1: 1135 daAuts
     D:2: 950 daAuts
     D:3: 445 daAuts
